 Dungeon Sprint DCSS version 0.17-a0-1718-g72dbe4d (webtiles) character file.

426 KambridgeKobold the Fighter (level 6, -5/88 HPs)
             Began as a Demonspawn Berserker on Aug 26, 2015.
             Was a Priest of Trog.
             Slain by a slime creature (15 damage)
             ... in the Dungeon (Sprint I: "Red Sonja").
             The game lasted 00:02:42 (504 turns).

KambridgeKobold the Fighter (Demonspawn Berserker)   Turns: 504, Time: 00:02:42

Health: -5/88      AC:  9    Str: 22    XL:     6   Next: 64%
Magic:  6/6        EV: 12    Int:  8    God:    Trog [***...]
Gold:   49         SH:  0    Dex: 15    Spells: 0 memorised, 5 levels left

rFire  x . .     SeeInvis .     a - +0 mace
rCold  . . .     Clarity  .     j - +1 scale mail of Moqimul {+Inv rF- MR+++}
rNeg   . . .     SustAt   .     (no shield)
rPois  .         Gourm    .     (no helmet)
rElec  .         Spirit   .     l - +0 cloak
rCorr  .         Warding  .     (no gloves)
rMut   .         NoTele   +     (no boots)
MR     +++++                    (no amulet)
Stlth  ..........               (no ring)
                                (no ring)

@: berserking, regenerating, very quick, almost entirely resistant to hostile
enchantments, extremely unstealthy
A: nightstalker 1, powered by death 1
a: Burn Spellbooks, Berserk, Trog's Hand, Renounce Religion, Evoke Invisibility


You were in the Dungeon.
You worshipped Trog.
Trog was most pleased with you.
You were not hungry.

You visited 1 branch You collected 310 gold pieces.
You spent 261 gold pieces at shops.

Inventory:

Hand weapons
 a - a +0 mace (weapon)
Armour
 b - a +0 animal skin
 j - the +1 scale mail of Moqimul (worn) {+Inv rF- MR+++}
   (You bought it in a shop in the Dungeon)

   It makes you vulnerable to fire.
   It affects your resistance to hostile enchantments.
   It lets you turn invisible.
 k - a +0 leather armour
 l - a +0 cloak (worn)
Scrolls
 i - a scroll of blinking
Potions
 d - a potion of curing
 e - a potion of heal wounds
 f - a potion of haste
 g - 2 potions of magic
 h - a potion of berserk rage
Comestibles
 c - a bread ration


   Skills:
 + Level 9.6 Fighting
 + Level 8.8 Maces & Flails
 + Level 3.7 Armour
 - Level 5.0 Dodging


You had 5 spell levels left.
You didn't know any spells.

Dungeon Overview and Level Annotations

Branches:
Dungeon (1/1)

Altars:
Cheibriados
Dithmenos
Elyvilon
Fedhas
Gozag
Kikubaaqudgha
Makhleb
Nemelex Xobeh
Okawaru
Qazlal
Ru
Sif Muna
Trog
Vehumet
Xom
Yredelemnul
Zin
The Shining One
Jiyva

Shops:
D [


Innate Abilities, Weirdness & Mutations

You are slightly more attuned to the shadows.
You regenerate a little health from kills.


Message History

The slime creature is lightly wounded.
The slime creature jiggles.
The slime creature hits you!
* * * LOW HITPOINT WARNING * * *
You hit the slime creature but do no damage.
The slime creature is lightly wounded.
Use which ability? (? or * to list)
Your skin crawls.
You feel resistant to hostile enchantments.
You feel slightly more hungry. The slime creature hits you!
* * * LOW HITPOINT WARNING * * *
Use which ability? (? or * to list)
A red film seems to cover your vision as you go berserk!
You feel yourself moving faster!
You feel mighty!
You feel somewhat more hungry. The slime creature hits you.
* * * LOW HITPOINT WARNING * * *
You thump the slime creature!
The slime creature is moderately wounded.
The slime creature hits you!
You die...

################ ##
#<.#..)..#.)'..#__#
#..)..#..'..#.@J..+
#..#####'#####'#__#
#..####..#...#.# ##
#..#__####..##.#
#..#_..__##'#..+
#⌠⌠#_.∩...'..._#
####_..._##_.#'#
#_____###+#.#
####### ###


You could see a slime creature.

Vanquished Creatures
  Sigmund (D)
  A yak (D)
  An ogre (D)
  A jelly (D)
  Ijyb (D)
5 creatures vanquished.

Vanquished Creatures (others)
  A gargoyle (D)
1 creature vanquished.

Grand Total: 6 creatures vanquished

Notes
Turn   | Place    | Note
--------------------------------------------------------------
     0 | D        | KambridgeKobold the Demonspawn Berserker began the quest for the Orb.
     0 | D        | Reached XP level 1. HP: 18/18 MP: 1/1
     3 | D        | Noticed Ijyb
     8 | D        | Killed Ijyb
     8 | D        | Reached skill level 4 in Fighting
     8 | D        | Gained mutation: You regenerate a little health from kills. [demonic ancestry]
     8 | D        | Reached XP level 2. HP: 26/26 MP: 2/2
    80 | D        | Noticed an ogre
    87 | D        | Killed an ogre
    87 | D        | Acquired Trog's second power
    87 | D        | Reached skill level 6 in Fighting
    87 | D        | Reached skill level 5 in Maces & Flails
    87 | D        | Reached skill level 5 in Dodging
    87 | D        | Gained mutation: You are slightly more attuned to the shadows. [demonic ancestry]
    87 | D        | Reached XP level 3. HP: 31/34 MP: 3/3
    87 | D        | Reached XP level 4. HP: 36/40 MP: 4/4
    99 | D        | Noticed Sigmund
   109 | D        | Killed Sigmund
   109 | D        | Reached skill level 8 in Fighting
   109 | D        | Reached XP level 5. HP: 24/51 MP: 5/5
   220 | D        | Found a deep blue altar of Sif Muna.
   221 | D        | Noticed a jelly
   222 | D        | Found a radiant altar of Vehumet.
   233 | D        | Killed a jelly
   233 | D        | Reached XP level 6. HP: 36/57 MP: 6/6
   314 | D        | Killed a gargoyle
   335 | D        | Found Kisot's Antique Armour Emporium.
   335 | D        | Found a stormy altar of Qazlal.
   335 | D        | Found a burning altar of Makhleb.
   335 | D        | Found a sacrificial altar of Ru.
   335 | D        | Found a sparkling altar of Nemelex Xobeh.
   335 | D        | Found a shimmering altar of Xom.
   335 | D        | Found an opulent altar of Gozag.
   335 | D        | Noticed a yak
   336 | D        | Found a white marble altar of Elyvilon.
   336 | D        | Found a basalt altar of Yredelemnul.
   336 | D        | Found a glowing golden altar of the Shining One.
   336 | D        | Found an iron altar of Okawaru.
   336 | D        | Found an ancient bone altar of Kikubaaqudgha.
   336 | D        | Found a glowing silver altar of Zin.
   353 | D        | Killed a yak
   353 | D        | Reached skill level 9 in Fighting
   354 | D        | Found a bloodstained altar of Trog.
   358 | D        | Bought a dazzling scale mail for 261 gold pieces
   368 | D        | Identified the +1 scale mail of Moqimul {+Inv rF- MR+++} (You bought it in a shop in the Dungeon)
   489 | D        | Found a snail-covered altar of Cheibriados.
   489 | D        | Found a viscous altar of Jiyva.
   489 | D        | Found a shadowy altar of Dithmenos.
   489 | D        | Found a blossoming altar of Fedhas.
   489 | D        | Noticed a slime creature
   504 | D        | Slain by a slime creature

Vault maps used:
D:        dungeon_sprint_1

Action                   |  1- 3 |  4- 6 || total
-------------------------+-------+-------++-------
Melee: Mace              |    10 |    42 ||    52
Invok: Berserk           |     1 |     1 ||     2
       Trog's Hand       |       |     1 ||     1
 Stab: Sleeping          |       |     1 ||     1
